 Dungeon Crawl Stone Soup version 0.22-a0-223-g0f5d773 (webtiles) character file.

165 vishdafish the Ducker (level 5, -3/40 HPs)
             Began as a Demonspawn Gladiator on Feb 18, 2018.
             Slain by an orc
             ... wielding a +0 hand axe
              (5 damage)
             ... on level 3 of the Dungeon.
             The game lasted 00:02:02 (2046 turns).

vishdafish the Ducker (Demonspawn Gladiator)        Turns: 2046, Time: 00:02:03

Health: -3/40      AC:  3    Str: 16    XL:     5   Next: 21%
Magic:  5/5        EV: 13    Int:  9    God:
Gold:   134        SH:  0    Dex: 14    Spells: 4/4 levels left

rFire    . . .     SeeInvis .   a - +0 long sword
rCold    . . .     Gourm    .   (no shield)
rNeg     . . .     Faith    .   b - +0 leather armour
rPois    .         Spirit   .   (helmet restricted)
rElec    .         Reflect  .   (no cloak)
rCorr    .         Harm     .   (no gloves)
MR       .....                  (no boots)
Stlth    +.........             (no amulet)
HPRegen  0.13/turn              (no ring)
MPRegen  0.09/turn              (no ring)

@: lethally poisoned (-3 -> -5), berserk cooldown, slowed, very slow
A: antennae 2, claws 1
a: no special abilities


You were on level 3 of the Dungeon.
You were not hungry.

You visited 1 branch of the dungeon, and saw 3 of its levels.

You collected 134 gold pieces.

Inventory:

Hand Weapons
 a - a +0 long sword (weapon)
Missiles
 d - a throwing net (quivered)
Armour
 b - a +0 leather armour (worn)
 c - a +0 helmet
Wands
 j - a wand of random effects (20)
 l - a wand of acid (5)
Scrolls
 e - 2 scrolls of teleportation {unknown}
 g - a scroll of remove curse {unknown}
 k - 3 scrolls of identify {unknown}
 n - a scroll of fear {unknown}
 o - a scroll of fog {unknown}
Potions
 h - a potion of magic {unknown}
 m - a potion of heal wounds {unknown}
Comestibles
 f - a ration


   Skills:
 + Level 2.9 Fighting
 + Level 3.7 Long Blades
 + Level 1.8 Throwing
 + Level 1.4 Armour
 + Level 3.7 Dodging
 + Level 0.2 Stealth


You had 4 spell levels left.
You didn't know any spells.

Dungeon Overview and Level Annotations

Branches:
Dungeon (3/15)

Altars:
Okawaru
Wu Jian


Innate Abilities, Weirdness & Mutations

You have a pair of antennae on your head.
You have sharp fingernails.


Message History

You closely miss the goblin. The goblin misses you. The orc barely misses you.
Something hits you but does no damage.
You closely miss something. Something hits you.
* * * LOW HITPOINT WARNING * * *
The goblin throws a stone.
The stone hits you but does no damage.
You closely miss something. Something hits you but does no damage.
The goblin throws a stone.
The stone hits you but does no damage.
You miss something.
You feel sick. Something hits you.
* * * LOW HITPOINT WARNING * * *
The goblin throws a stone.
The stone misses you.
You slice something!!
Reactivating autopickup.
You have reached level 5!
Your demonic ancestry asserts itself...
Your fingernails lengthen.
You feel a bit more experienced.
You are no longer berserk.
You are exhausted.
You feel yourself slow down. The orc hits you with a hand axe.
You die...

....... ....## ......
#...#.###... ... ######.....
###........ ... ...##.....
......#.†## #.# #.#.....<
.....o.(..##### #..####........
.....{)##.....# #.....<...####
......{{#...†.# ###....##.##
......o #...oo#### #.##.....###
....... #...og@((###.##........
.........#######.....##........
..>....#. ########...)....
......### #........ ? #########


You could see 3 orcs and a goblin.

Vanquished Creatures
  An orc wizard (D:3)
  A centaur skeleton (D:2)
  5 adders
  A dart slug (D:2)
  2 leopard geckos
  2 orcs (D:3)
  A giant cockroach (D:2)
  10 hobgoblins
  6 jackals
  2 ball pythons
  5 bats
  A frilled lizard (D:2)
  3 goblins
  7 kobolds
  6 rats
53 creatures vanquished.

Notes
Turn   | Place    | Note
-------+----------+-------------------------------------------
     0 | D:1      | vishdafish the Demonspawn Gladiator began the quest for the Orb.
     0 | D:1      | Reached XP level 1. HP: 16/16 MP: 1/1
   222 | D:1      | Gained mutation: You have a pair of small antennae on your head. [demonic ancestry]
   222 | D:1      | Reached XP level 2. HP: 22/22 MP: 2/2
   635 | D:2      | Reached XP level 3. HP: 12/28 MP: 3/3
  1042 | D:2      | Found an iron altar of Okawaru.
  1147 | D:2      | HP: 1/28 [adder (2)]
  1153 | D:2      | Gained mutation: You have a pair of antennae on your head. [demonic ancestry]
  1153 | D:2      | Reached XP level 4. HP: 14/34 MP: 4/4
  1371 | D:2      | Reached skill level 1 in Armour
  1619 | D:2      | Found an ornate altar of the Wu Jian Council.
  2044 | D:3      | HP: 2/51 [something (4)]
  2045 | D:3      | Gained mutation: You have sharp fingernails. [demonic ancestry]
  2045 | D:3      | Reached XP level 5. HP: 2/40 MP: 5/5
  2046 | D:3      | Slain by an orc

Vault maps used:
D:1:      minmay_arrival_shattered_statue
D:2:      lemuel_round_altar, marbit_many_paths, minmay_pentomino_x2
D:3:      lemuel_doored_altar

Skill      XL: |  1  2  3  4 |
---------------+-------------+-----
Long Blades    | 3 |  3.7
Dodging        | 3 |  3.7
Armour         | 1 |  1.4
Fighting       | |  2.9
Throwing       | |  1.8
Stealth        | |  0.2

Action                   |  1- 3 |  4- 6 || total
-------------------------+-------+-------++-------
Melee: Long sword        |    92 |    41 ||   133
Throw: Throwing net      |     3 |     1 ||     4
  Use: Potion            |     1 |     1 ||     2
 Stab: Held in net/web   |       |     1 ||     1
  Eat: Chunk             |       |     2 ||     2
       Ration            |       |     1 ||     1
Armor: Leather armour    |    19 |     8 ||    27
Dodge: Dodged            |    78 |    61 ||   139
       Rpst.: Long sword |    24 |    14 ||    38

Table legend:
 A = Spawn XP
 B = Non-spawn XP
 C = Spawn XP percentage of total XP
 D = Spawn monster count
 E = Non-spawn monster count
 F = Spawn count percentage of total count
 G = Total turns spent on level
                    A         B        C        D         E        F      G
               +---------+---------+-------+---------+---------+-------+---------
         Total |       0 |     236 |   0.0 |       0 |      53 |   0.0 |  2046
               +---------+---------+-------+---------+---------+-------+---------
           D:1 |       0 |      29 |   0.0 |       0 |      18 |   0.0 |   606
           D:2 |       0 |     135 |   0.0 |       0 |      27 |   0.0 |  1375
           D:3 |       0 |      72 |   0.0 |       0 |       8 |   0.0 |    65
               +---------+---------+-------+---------+---------+-------+---------
